 Dungeon Crawl Stone Soup version 0.32-a0-656-g3542139ebd (webtiles) character file.

Game seed: 10088287437229607053

1021 AutarchDCSS the Apothecary (level 8, -9/61 HPs)
             Began as a Barachi Alchemist on Mar 8, 2024.
             Mangled by Duvessa
             ... wielding a +0 short sword
              (17 damage)
             ... on level 3 of the Dungeon.
             The game lasted 00:19:34 (6779 turns).

AutarchDCSS the Apothecary (Barachi Alchemist)      Turns: 6779, Time: 00:19:35

Health: -9/61      AC:  3    Str:  7 (10) XL:     8   Next: 22%
Magic:  9/17       EV: 12    Int: 12 (15) God:
Gold:   312        SH:  5    Dex: 14 (15) Spells: 12/19 levels left

rFire   . . .        w - +0 sling
rCold   . . .        (no shield)
rNeg    . . .        a - +0 robe
rPois   .            (no helmet)
rElec   .            (no cloak)
rCorr   .            t - +0 pair of gloves
SInv    .            (no boots)
Will    .....        n - amulet of reflection
Stlth   ++           (no ring)
HPRegen 0.30/turn    (no ring)
MPRegen 0.15/turn

%: reflection
@: unable to hop, very slightly contaminated, slow
A: amphibious, slowness 1, strong legs 1, +LOS
a: Hop


You were on level 3 of the Dungeon.
You visited 1 branch of the dungeon, and saw 4 of its levels.

You collected 312 gold pieces.

Inventory:

Hand Weapons
 e - a +0 dagger
 h - a +0 short sword
 v - a +0 rapier
 w - a +0 sling (weapon)
Armour
 a - a +0 robe (worn)
 i - a +0 leather armour
 t - a +0 pair of gloves (worn)
Jewellery
 n - an amulet of reflection (around neck)
Wands
 x - a wand of charming (10)
Scrolls
 g - a scroll of vulnerability {unknown}
 k - a scroll of teleportation {unknown}
 m - a scroll of amnesia {unknown}
 o - 2 scrolls of silence
 p - a scroll of acquirement {unknown}
 s - a scroll of enchant weapon {unknown}
 u - a scroll of blinking {unknown}
Potions
 b - a potion of magic
 j - 2 potions of ambrosia
 l - a potion of haste {unknown}
 q - a potion of brilliance {unknown}
 r - a potion of degeneration


   Skills:
 + Level 4.6 Fighting
 - Level 2.1 Dodging
 - Level 3.0 Stealth
 - Level 6.0 Spellcasting
 - Level 1.1 Conjurations
 - Level 7.0 Alchemy


You had 12 spell levels left.
You knew the following spells:

 Your Spells              Type           Power      Damage    Failure   Level
a - Sting                 Conj/Alch      52%        1d6       3%          1
b - Mercury Vapours       Alch/Air       24%        N/A       6%          2
d - Olgreb's Toxic Radia  Alch           20%        N/A       10%         4

Your spell library contained the following spells:

 Spells                   Type           Power      Damage    Failure   Level
 Mephitic Cloud           Conj/Alch/Air  10%        N/A       19%         3
 Sticky Flame             Fire/Alch      12%        2d5       38%         4
 Gell's Gravitas          Tloc           3%         N/A       47%         3
 Teleport Other           Tloc           3%         N/A       47%         3
 Dispersal                Tloc           1%         N/A       100%        6


Dungeon Overview and Level Annotations

Branches:
Dungeon (4/15)
 Temple: D:4-7

Altars:
Cheibriados
Gozag

Annotations:
D:2 Sigmund
D:3 Duvessa
D:4 Menkaure


Innate Abilities, Weirdness & Mutations

You are amphibious.
You cover ground slowly.
You can hop short distances.
You have an extended range of vision and can be seen from far away.


Message History

Duvessa is moderately wounded.
Duvessa shouts!
The fiery explosion engulfs your rat!!
Your rat's corpse dissolves into shadows!
Your rat explodes!
The fiery explosion engulfs you!!!
Ouch! That really hurt!
* * * LOW HITPOINT WARNING * * *
Duvessa is engulfed in blazing flames.
Flame seeps out of Duvessa.
Duvessa is engulfed in blazing flames.
Flame seeps out of Duvessa.
Duvessa rages.
Duvessa is engulfed in blazing flames.
Flame seeps out of Duvessa.
You feel much better.
Duvessa is engulfed in blazing flames.
Flame seeps out of Duvessa.
Duvessa barely misses you.
Casting: Olgreb's Toxic Radiance (dangerous; 9% risk of failure)
Confirm with . or Enter, or press ? or * to list all spells.
You miscast Olgreb's Toxic Radiance.
You are very lightly contaminated with residual magic.
Nothing appears to happen.
Duvessa is engulfed in blazing flames.
Flame seeps out of Duvessa.
Duvessa hits you with a +0 short sword!
Duvessa is engulfed in blazing flames.
Flame seeps out of Duvessa.
Duvessa closely misses you.
Casting: Olgreb's Toxic Radiance (dangerous; 9% risk of failure)
Confirm with . or Enter, or press ? or * to list all spells.
You begin to radiate toxic energy.
Flame seeps out of Duvessa.
Duvessa is poisoned.
Flame seeps out of Duvessa.
Duvessa looks even sicker.
Duvessa is engulfed in blazing flames.
Flame seeps out of Duvessa.
Duvessa hits you with a +0 short sword!
* * * LOW HITPOINT WARNING * * *
Okay, then.
Okay, then.
Okay, then.
It was a potion of degeneration.
There was something very wrong with that liquid.
You feel weakened.
You feel dopey.
You feel clumsy.
Flame seeps out of Duvessa.
Your toxic aura wanes.
Duvessa is engulfed in blazing flames.
Flame seeps out of Duvessa.
Duvessa hits you with a +0 short sword!
You die...

..#.#.#.#
..#.#...#
.##.##..######
.#...#.......#
.#._.#.#####.#
.#...#.#.###.#
.##.##....##§#####
..#.#...(.>.§☼§e.#
..#.#)#...##.###@#
..#.#.##..##.# #.#
>.#'#.#.#.##.# #.#
#............# #.#
###.....#.#### #.#
#####.#.######.#
#.#........# #
#.########## ##
#.#


You could see Duvessa (berserk, inner flame, very poisoned).

Vanquished Creatures
  Pikel (D:4)
  Grinder (D:4)
  Dowan (D:4)
  A gnoll bouda (D:4)
  A jelly (D:4)
  A hound (D:4)
  2 iguanas (D:4)
  8 gnolls
  4 adders
  4 dart slugs
  2 ribbon worms
  14 bats
  3 endoplasms
  3 giant cockroaches
  7 goblins
  4 hobgoblins
  8 jackals
  A quokka (D:2)
  6 ball pythons
  5 frilled lizards
  3 kobolds (D:1)
  8 rats
88 creatures vanquished.

Vanquished Creatures (collateral kills)
  2 jackals (D:4)
2 creatures vanquished.

Grand Total: 90 creatures vanquished

Notes
Turn   | Place    | Note
-------+----------+-------------------------------------------
     0 | D:1      | AutarchDCSS the Barachi Alchemist began the quest for the
                  | Orb.
     0 | D:1      | Reached XP level 1. HP: 13/13 MP: 3/3
   363 | D:1      | Reached XP level 2. HP: 17/19 MP: 1/5
   999 | D:1      | Learned a level 2 spell: Mercury Vapours
  1322 | D:1      | Reached XP level 3. HP: 24/24 MP: 1/7
  2640 | D:2      | Noticed Sigmund
  2688 | D:3      | Found a snail-covered altar of Cheibriados.
  2777 | D:3      | Reached skill level 4 in Alchemy
  2777 | D:3      | Reached XP level 4. HP: 30/30 MP: 1/8
  4112 | D:3      | Found an opulent altar of Gozag.
  4702 | D:4      | Reached skill level 5 in Alchemy
  4702 | D:4      | Reached XP level 5. HP: 24/35 MP: 1/9
  5109 | D:4      | Learned a level 4 spell: Olgreb's Toxic Radiance
  5578 | D:4      | Reached skill level 6 in Alchemy
  5662 | D:4      | Noticed Grinder
  5668 | D:4      | Paralysed by Grinder for 4 turns
  5675 | D:4      | Paralysed by Grinder for 3 turns
  5685 | D:4      | Killed Grinder
  5686 | D:4      | Reached skill level 7 in Alchemy
  5686 | D:4      | Reached XP level 6. HP: 41/41 MP: 5/11
  5948 | D:4      | Reached XP level 7. HP: 46/46 MP: 4/13
  6220 | D:4      | Noticed Menkaure
  6276 | D:4      | Noticed Pikel
  6284 | D:4      | Killed Pikel
  6285 | D:4      | Reached XP level 8. HP: 58/58 MP: 6/17
  6677 | D:4      | Noticed Dowan
  6703 | D:4      | Killed Dowan
  6768 | D:4      | Noticed Duvessa
  6779 | D:3      | Mangled by Duvessa

Illustrated notes

Levels and vault maps discovered:
D:1:      evilmike_arrival_crescent, layout_basic, minmay_misc_feat_ornament
D:2:      layout_loops_cross, kennysheep_generic_room_3, uniq_sigmund
D:3:      layout_loops_corners, mainiacjoe_overflow_surrounded_room,
          amcnicky_altar_gilded, kennysheep_generic_room_10
D:4:      layout_layer_cave, uniq_grinder, uniq_menkaure, uniq_pikel,
          uniq_duvessa

Skill      XL: |  1  2  3  4  5  6  7  8 |
---------------+-------------------------+-----
Stealth        | 2 3 |  3.0
Spellcasting   | 3 4 6 |  6.0
Alchemy        | 4 5 7 |  7.0
Fighting       | 3 4 |  4.6
Dodging        | |  2.1
Conjurations   | |  1.1

Action                     |  1- 3 |  4- 6 |  7- 9 || total
---------------------------+-------+-------+-------++-------
  Melee: Short sword       |    15 |    17 |       ||    32
         Unarmed           |     1 |       |       ||     1
   Cast: Sting             |    72 |   100 |     8 ||   180
         Olgreb's Toxic Ra |       |       |     8 ||     8
Ability: Hop               |     1 |       |     1 ||     2
    Use: Scroll            |     2 |     2 |     2 ||     6
         Potion            |       |       |     2 ||     2
 Armour: Robe              |    29 |    37 |    12 ||    78
  Dodge: Dodged            |    32 |    32 |     4 ||    68
  Block: Other             |     2 |    15 |     2 ||    19

Table legend: (Time is in decaauts)
 A = Elapsed time spent in this place.
 B = Non-inter-level travel time spent in this place.
 C = Inter-level travel time spent in this place.
 D = Time resting spent in this place.
 E = Time spent auto-exploring this place.
 F = Levels seen in this place.
 G = Mean time per level.
                   A        B        C        D        E       F      G
               +--------+--------+--------+--------+--------+-----+--------+
         Total |   7363 |   7203 |    160 |   3041 |   2665 |   4 | 1840.8 |
       Dungeon |   7363 |   7203 |    160 |   3041 |   2665 |   4 | 1840.8 |
               +--------+--------+--------+--------+--------+-----+--------+

Top non-repeatable levels by time:
     D:4: 2388 daAuts
     D:1: 1802 daAuts
     D:3: 1656 daAuts
     D:2: 1515 daAuts
